 Dungeon Crawl Stone Soup version 0.29-a0-338-g1ff7896281 (webtiles) character file.

Game seed: 14240279014720874470

16 spaghetti the Shield-Bearer (level 2, 27/27 HPs)
             Began as a Deep Dwarf Fighter on Apr 18, 2022.
             Was a Follower of Vehumet.
             Quit the game on level 2 of the Dungeon.
             The game lasted 00:01:40 (609 turns).

spaghetti the Shield-Bearer (Deep Dwarf Fighter)     Turns: 609, Time: 00:01:41

Health: 27/27      AC:  6    Str: 17 (19) XL:     2   Next: 37%
Magic:  2/2        EV:  9    Int:  7 (8)  God:    Vehumet [*.....]
Gold:   12         SH:  4    Dex: 11 (12) Spells: 2/2 levels left

rFire   . . .      SeeInvis .   a - +0 war axe {axe}
rCold   . . .      Faith    .   c - +0 buckler
rNeg    . . .      Spirit   .   b - +0 scale mail
rPois   .          Reflect  .   (no helmet)
rElec   .          Harm     .   (no cloak)
rCorr   .          Rampage  .   (no gloves)
Will    .....                   (no boots)
Stlth   ..........              (no amulet)
HPRegen 0.00/turn               (no ring)
MPRegen 0.08/turn               (no ring)

@: no status effects
A: damage resistance, heal wounds, sense surroundings 1, no regeneration
a: Heal Wounds, Renounce Religion


You were on level 2 of the Dungeon.
You worshipped Vehumet.
Vehumet was aware of your devotion.
You visited 1 branch of the dungeon, and saw 2 of its levels.

You collected 12 gold pieces.


Innate Abilities, Weirdness & Mutations

You are resistant to damage.
You can heal yourself by infusing magical energy.
You passively map a small area around you.
You do not regenerate.


   Skills:
 - Level 2.6 Fighting
 - Level 3.0 Axes
 - Level 3.2 Armour
 - Level 3.2 Shields
 + Level 0.9 Spellcasting


You had 2 spell levels left.
You didn't know any spells.
Your spell library contained the following spells:

 Spells                   Type           Power      Damage    Failure   Level
 Freeze                   Ice            0%         1d3       88%         1
 Foxfire                  Conj/Fire      0%         2x1d4     88%         1
 Conjure Flame            Conj/Fire      0%         6-21      99%         3
 Inner Flame              Hex/Fire       0%         N/A       99%         3
 Flame Wave               Conj/Fire      0%         2d4       100%        4

Inventory:

Hand Weapons
 a - a +0 war axe (weapon) {axe}
Missiles
 f - 3 poisoned darts {throwing}
 h - 38 stones (quivered) {throwing}
 i - 6 boomerangs {throwing}
Armour
 b - a +0 scale mail (worn)
 c - a +0 buckler (worn)
Scrolls
 e - a scroll of identify {unknown}
 g - a scroll of vulnerability {unknown}
 j - a scroll of brand weapon {unknown}
 l - a scroll of fear {unknown}
 m - a scroll of teleportation {unknown}
Potions
 d - a potion of might
 n - a potion of ambrosia {unknown}

Dungeon Overview and Level Annotations

Branches:
Dungeon (2/15)

Altars:
Vehumet

Shops:
D:1

* , * * #....
#.... .
#....##.* , * ,
* ,#....... ,,
.#......#* ** ,
....,.).. , , ,
#..##S####.##**
, #....@.....#
, ,
#..#.###...# *
* #......#...#
+#.....#<....#
* *
#####.#.#...#
*, , ##..#...#
#...,..# * *
#...,..# * ,
#.##.,.#


You could see an adder.


Message History

You have reached level 2! 😮 HP[+4] MP[+1]
You now have 27 max hp (+7).
You regained 4 hp, and now have 18/27 hp.
Your mp is fully restored (2).
Key pressed, stopping explore.
You see here a +0 dagger {short}.
A goblin comes into view. It is wielding a +0 dagger.
The goblin shouts!
A goblin is nearby!
A goblin is nearby!
You are too injured to fight recklessly!
You block the goblin's attack.
You hit the goblin but do no damage.
The goblin hits you but does no damage. x2
You slash the goblin!
You kill the goblin!
Vehumet accepts your kill.
You see here a +0 dagger {short}.
A rat comes into view.
A rat is nearby!
A rat is nearby!
You are too injured to fight recklessly!
You barely miss the rat. The rat bites you.
The rat completely misses you. 😮 HP[-2]
You take 2 damage, and now have 16/27 hp.
You hit the rat.
You kill the rat!
Vehumet accepts your kill.
l - a scroll labelled TURAOGIGAR
m - a scroll labelled BONERCH KOTO You see here a +0 dagger {short}.
You see here a +0 dagger {short}.
Key pressed, stopping explore.
Things that are here:
a +0 short sword {short}; a kobold skeleton
Things that are here:
a +0 dagger {short}; a kobold skeleton You enter the shallow water.
Moving in this stuff is going to be slow.
Found a stone staircase leading down.
You now have 12 gold pieces.
A dart slug comes into view.
A dart slug is nearby!
A dart slug is nearby!
You are too injured to fight recklessly!
You hit the dart slug. The dart slug barely misses you.
You hit the dart slug. The dart slug launches a dart at you.
The slug dart misses you.
You slash the dart slug!
You kill the dart slug!
Vehumet accepts your kill.
Key pressed, stopping explore.
A dart slug comes into view.
A dart slug is nearby!
You are too injured to fight recklessly!
The dart slug launches a dart at you. The slug dart hits you.
The dart slug launches a dart at you. The slug dart misses you.
The dart slug barely misses you.
You hit the dart slug. The dart slug closely misses you.
You slash the dart slug!
You kill the dart slug!
Vehumet accepts your kill.
Key pressed, stopping explore.
Key pressed, stopping explore.
There is a stone staircase leading down here.
n - a murky silvery potion 😮 MP[+1]
Your mp is fully restored (3).
Done exploring.
Done exploring.
Done exploring.
Done exploring.
(D) Dungeon
Where to? (Enter - D:1 @ (x,y), ? - help)
There is a stone staircase leading down here.
You climb downwards.
There is a stone staircase leading up here.
Unknown command.
Unknown command.
Found an escape hatch in the ceiling.
An adder comes into view.
An adder is nearby!
It was a potion of degeneration.
There was something very wrong with that liquid.
You feel weakened.
You feel dopey.
You feel clumsy. The adder closely misses you.
You miss the adder. You block the adder's attack.
You miss the adder. The adder closely misses you.
The adder bites you but does no damage.
You barely miss the adder. The adder barely misses you.
The adder closely misses you.
Your magical essence is drained by the effort!
You feel much better.
The adder closely misses you. 😎 HP[+11] MP[-1]
Your hp is fully restored (27).
Unknown command.
Are you sure you want to abandon this character and quit the game? (Confirm with "yes".)

Skill      XL: |  1 |
---------------+----+-----
Axes           | 3 |  3.0
Fighting       | |  2.6
Armour         | |  3.2
Shields        | |  3.2
Spellcasting   | |  0.9

Action                   || total
-------------------------++-------
Melee: War axe           ||    41
 Abil: Heal Wounds       ||     1
  Use: Potion            ||     1
Armor: Scale mail        ||    19
Dodge: Dodged            ||    23
Block: Buckler           ||     9

Levels and vault maps discovered:
D:1:      grunt_arrival_crossed_arrows, layout_basic,
          chequers_ecumenical_altar_island, serial_shops,
          nicolae_shop_window_shopping
D:2:      layout_basic, minmay_joined_circles, uniq_natasha

Notes
Turn   | Place    | Note
-------+----------+-------------------------------------------
     0 | D:1      | spaghetti the Deep Dwarf Fighter began the quest for the
                  | Orb.
     0 | D:1      | Reached XP level 1. HP: 20/20 MP: 1/1
     0 | D:1      | magus.rc [v1.9.6]
    96 | D:1      | Found Athragad's Assorted Antiques.
   117 | D:1      | Found a faded altar of an unknown god.
   202 | D:1      | You pick up a book of Flames and begin reading...
   202 | D:1      | You add the spells Foxfire, Conjure Flame, Inner Flame and
                  | Flame Wave to your library.
   242 | D:1      | Reached skill level 3 in Axes
   269 | D:1      | Prayed at the altar of an unknown god.
   269 | D:1      | Became a worshipper of Vehumet
   269 | D:1      | Reached * piety under Vehumet
   269 | D:1      | Offered knowledge of Freeze by Vehumet.
   309 | D:1      | Reached XP level 2. HP: 18/27 MP: 2/2
   609 | D:2      | Quit the game

Vanquished Creatures
  2 dart slugs (D:1)
  2 ball pythons (D:1)
  An endoplasm (D:1)
  A goblin (D:1)
  2 frilled lizards (D:1)
  3 kobolds (D:1)
  2 rats (D:1)
13 creatures vanquished.

Table legend:
 A = Non-vault XP
 B = Vault XP
 C = Vault XP percentage of total XP
 D = Non-vault monster count
 E = Vault monster count
 F = Vault count percentage of total count
                 A         B        C        D         E       F
            +---------+---------+-------+---------+---------+-------
      Total |      23 |       0 |   0.0 |      13 |       0 |   0.0
            +---------+---------+-------+---------+---------+-------
        D:1 |      23 |       0 |   0.0 |      13 |       0 |   0.0
            +---------+---------+-------+---------+---------+-------

Illustrated notes

Table legend:
 A = Kills in this place as a percentage of kills in entire the game.
 B = Kills by you in this place as a percentage of kills by you in the entire game.
 C = Kills by friends in this place as a percentage of kills by friends in the entire game.
 D = Other kills in this place as a percentage of other kills in the entire game.
 E = Experience gained in this place as a percentage of experience gained in the entire game.
 F = Experience gained in this place divided by the number of levels of this place that you have seen.
                   A       B       C       D       E      F
               +-------+-------+-------+-------+-------+----------------------
         Total | 100.0 | 100.0 |   N/A |   N/A | 100.0 |  11.5
       Dungeon | 100.0 | 100.0 |   N/A |   N/A | 100.0 |  11.5
               +-------+-------+-------+-------+-------+----------------------

Table legend: (Time is in decaauts)
 A = Elapsed time spent in this place.
 B = Non-inter-level travel time spent in this place.
 C = Inter-level travel time spent in this place.
 D = Time resting spent in this place.
 E = Time spent auto-exploring this place.
 F = Levels seen in this place.
 G = Mean time per level.
                   A        B        C        D        E       F      G
               +--------+--------+--------+--------+--------+-----+--------+
         Total |    630 |    568 |     62 |      0 |    424 |   2 |  315.0 |
       Dungeon |    630 |    568 |     62 |      0 |    424 |   2 |  315.0 |
               +--------+--------+--------+--------+--------+-----+--------+

Top non-repeatable levels by time:
     D:1: 618 daAuts
     D:2: 11 daAuts
